Map: [ESL] Site Delta

Players

Clem

  • Race: Terran Terran
  • Spawn Location: 5:00

Spirit - Winner!

  • Race: Terran Terran
  • Spawn Location: 11:00

Event: ESL SC2 Masters 2024 Spring (Regional)

VOD

Have the link to the VOD?

Description

Time

  • Played on: May 3, 2024, 1:18 p.m.
  • Length: 22:09

All games in this series

Show
View Real Time Build Order
Export as new Build Order

Clem Terran 

Build Orders: Cyclone Opening, Reaper Expand 

Get SALT Encoding   

  12  0:00  SCV  
  13  0:12  SCV  
  14  0:17  Supply Depot  
  14  0:24  SCV  
  15  0:39  SCV  
  15  0:40  Barracks  
  16  0:42  Refinery  
  16  0:51  SCV  
  17  1:03  SCV  
  18  1:16  SCV  
  19  1:27  Reaper  
  19  1:28  Orbital Command  
  20  1:39  Command Center  
  20  1:48  Supply Depot  
  20  1:54  SCV  
  20  1:59  Marine  
  22  2:06  SCV  
  22  2:07  Factory  
  23  2:15  Barracks  
  23  2:17  Marine  
  23  2:19  SCV  
  25  2:26  Refinery  
  25  2:31  SCV  
  25  2:34  Marine  
  27  2:43  SCV  
  28  2:50  Cyclone  
  30  2:52  Orbital Command  
  30  2:54  Barracks Reactor  
  30  2:55  SCV  
  31  3:01  Barracks Tech Lab  
  31  3:04  Supply Depot  
  31  3:11  Starport  
  31  3:13  SCV  
  31  3:17  SCV  
  31  3:19  Marine  
  34  3:22  Factory Reactor  
  34  3:25  SCV  
  35  3:31  Marine x2  
  35  3:32  SCV  
  38  3:35  Stimpack  
  38  3:37  SCV  
  38  3:38  Marine  
  40  3:44  SCV  
  40  3:48  Supply Depot, Marine  
  41  3:49  SCV, Marine  
  44  3:56  SCV, Marine  
  44  4:01  SCV  
  44  4:02  Medivac  
  49  4:06  Marine x2  
  49  4:08  SCV  
  52  4:10  Supply Depot  
  52  4:12  Medivac  
  52  4:13  SCV  
  52  4:14  Marine  
  56  4:20  Barracks  
  56  4:21  SCV  
  57  4:24  Factory Tech Lab  
  57  4:25  Refinery  
  57  4:26  SCV, Engineering Bay  
  57  4:28  Marine  
  57  4:30  Marine  
  60  4:33  SCV  
  60  4:36  Supply Depot  
  60  4:37  Marine  
  60  4:38  SCV  
  63  4:45  SCV  
  63  4:48  Marine  
  63  4:50  SCV, Starport Reactor  
  66  4:53  Terran Infantry Weapons Level 1  
  66  4:59  Command Center  
  66  5:00  SCV  
  66  5:02  SCV  
  66  5:06  Siege Tank  
  70  5:08  Supply Depot  
  70  5:13  SCV  
  70  5:14  SCV, Refinery  
  71  5:17  Marine x2  
  71  5:21  Supply Depot, Marine  
  75  5:23  Marine  
  75  5:24  Marine  
  75  5:26  SCV  
  78  5:30  SCV  
  78  5:32  Missile Turret  
  78  5:34  Missile Turret  
  77  5:35  Marine  
  77  5:41  SCV  
  78  5:42  SCV  
  78  5:46  Marine  
  79  5:50  Siege Tank  
  79  5:53  SCV, Marine  
  79  5:55  SCV  
  79  5:56  Combat Shield  
  85  5:57  Marine  
  85  5:59  Marine  
  85  6:00  Marine  
  85  6:04  Marine  
  87  6:11  SCV, Supply Depot  
  89  6:13  SCV, Marine  
  89  6:14  Orbital Command  
  89  6:16  Marine  
  92  6:19  Marine x2  
  92  6:23  SCV  
  92  6:24  Siege Tank  
  98  6:26  SCV  
  98  6:32  Barracks  
  99  6:35  Barracks  
  99  6:36  Orbital Command  
  99  6:38  Marine  
  100  6:40  Marine  
  100  6:42  SCV, Marine  
  100  6:44  Marine  
  104  6:48  Supply Depot  
  104  6:49  Terran Infantry Armor Level 1  
  104  6:51  SCV  
  104  6:52  Marine  
  106  6:56  SCV  
  106  6:59  Supply Depot  
  106  7:01  Siege Tank  
  110  7:02  SCV  
  110  7:05  SCV  
  110  7:07  Supply Depot  
  112  7:09  Missile Turret  
  112  7:10  SCV  
  112  7:13  Marine x2  
  112  7:15  SCV  
  116  7:16  Marine  
  116  7:17  Marine  
  116  7:22  SCV  
  118  7:23  Barracks Reactor x2  
  118  7:24  SCV  
  118  7:27  SCV  
  118  7:28  Marine  
  117  7:31  Marine  
  117  7:34  SCV, Marine  
  117  7:36  SCV  
  120  7:37  Siege Tank  
  120  7:39  SCV  
  120  7:40  Marine  
  123  7:45  Marine  
  123  7:46  SCV, Marine  
  123  7:47  Supply Depot  
  123  7:48  SCV  
  123  7:49  Marine  
  128  7:51  SCV  
  128  7:52  Marine  
  128  7:56  Medivac x2  
  128  7:57  Supply Depot  
  134  7:59  Marine  
  134  8:00  Marine  
  134  8:01  Sensor Tower  
  134  8:02  Marine x2  
  134  8:04  Marine x2  
  140  8:06  Marine  
  140  8:07  Supply Depot  
  140  8:08  Marine  
  142  8:12  Armory  
  142  8:14  Engineering Bay  
  142  8:15  Marine  
  142  8:17  SCV  
  142  8:18  SCV  
  142  8:19  Supply Depot  
  145  8:20  SCV  
  145  8:23  Marine  
  145  8:24  Marine x3  
  149  8:27  Siege Tank  
  149  8:28  Marine x2  
  149  8:31  SCV, Marine  
  152  8:34  Marine  
  153  8:42  Refinery x2  
  153  8:46  Marine  
  153  8:50  SCV, Marine  
  153  8:53  Marine x2  
  153  8:55  Factory  
  156  8:57  Barracks Reactor, Marine  
  156  8:58  Marine x3  
  156  9:01  Supply Depot  
  156  9:02  SCV x2  
  162  9:06  Siege Tank  
  162  9:09  Terran Infantry Weapons Level 2  
  166  9:11  Terran Infantry Armor Level 2  
  166  9:14  Terran Vehicle Weapons Level 1  
  165  9:19  SCV  
  165  9:20  SCV  
  165  9:22  SCV  
  159  9:25  Marine  
  159  9:27  Marine  
  159  9:28  Viking  
  163  9:31  SCV  
  163  9:32  Viking  
  163  9:35  SCV  
  163  9:37  SCV  
  163  9:38  Marine  
  169  9:39  Marine  
  169  9:40  Marine x2  
  169  9:43  Siege Tank  
  175  9:46  Siege Tank  
  178  9:53  Command Center  
  178  10:00  Viking  
  178  10:01  Marine  
  178  10:02  Supply Depot  
  178  10:06  Marine x4  
  181  10:07  Marine  
  181  10:08  Marine  
  181  10:09  Marine  
  178  10:24  Siege Tank  
  178  10:25  Supply Depot  
  178  10:27  Supply Depot  
  181  10:28  Supply Depot  
  181  10:30  Supply Depot, Marine  
  181  10:36  Refinery  
  181  10:47  SCV, Liberator, Siege Tank, Marine x9  
  181  10:49  Medivac, Marine  
  198  11:04  Marine x3  
  198  11:07  Command Center, Missile Turret  
  200  11:11  Sensor Tower, Terran Vehicle Weapons Level 2  
  200  11:13  Missile Turret  
  200  11:16  SCV  
  198  11:27  Viking  
  195  11:34  Starport  
  195  11:35  Starport  
  193  11:47  Command Center x2  
  193  11:49  Siege Tank  
  193  11:50  Marine x2, Viking  
  193  11:51  Planetary Fortress  
  193  11:54  SCV x2  
  192  11:59  Marine  
  192  12:00  SCV  
  181  12:06  Marine  
  181  12:07  Marine  
  158  12:09  Marine x2  
  158  12:11  Marine x4  
  158  12:13  Marine  
  133  12:18  SCV x3  
  133  12:22  Siege Tank  
  139  12:23  Marine  
  139  12:29  Terran Infantry Weapons Level 3  
  140  12:31  Siege Tank  
  140  12:32  Marine  
  140  12:33  Marine x2  
  146  12:38  Terran Infantry Armor Level 3  
  146  12:45  Marine  
  146  12:46  Marine x2  
  146  12:47  Orbital Command  
  146  12:49  Viking  
  151  12:52  Viking  
  151  12:55  Viking  
  151  12:56  Marine  
  156  13:00  Viking  
  156  13:04  Marine  
  159  13:05  Refinery  
  159  13:06  Refinery  
  159  13:07  Orbital Command  
  159  13:11  Orbital Command  
  159  13:14  Siege Tank, Marine  
  159  13:16  Marine  
  159  13:17  Marine  
  147  13:21  Sensor Tower  
  147  13:23  Siege Tank  
  147  13:24  Marine  
  148  13:28  Viking  
  148  13:31  Viking  
  152  13:34  Viking  
  150  13:45  Viking  
  152  13:48  Terran Vehicle Weapons Level 3, Marine  
  152  13:49  Marine x2  
  152  13:52  Marine  
  152  13:53  Marine x3  
  152  13:54  Marine  
  160  13:59  Liberator  
  160  14:02  Marine  
  153  14:04  Marine  
  153  14:13  Siege Tank, Marine x8  
  164  14:18  Siege Tank  
  164  14:20  Marine  
  164  14:22  Marine  
  168  14:30  Marine  
  168  14:31  Marine x7  
  168  14:35  Viking  
  168  14:38  Marine  
  145  14:40  Marine  
  145  14:41  Orbital Command  
  145  14:45  Siege Tank  
  150  14:47  Viking x2  
  150  14:48  Marine x2  
  150  14:49  Marine x4  
  150  14:50  Siege Tank  
  163  14:53  Viking  
  163  14:58  Sensor Tower  
  165  15:01  Marine  
  165  15:03  Marine  
  165  15:07  Marine  
  167  15:08  Marine x2  
  167  15:10  Marine  
  167  15:11  Viking  
  171  15:14  SCV x2  
  171  15:15  SCV  
  171  15:17  Siege Tank  
  130  15:21  Viking  
  176  15:24  Siege Tank  
  183  15:29  Marine  
  183  15:30  Starport Reactor x2  
  182  15:36  Marine  
  182  15:41  Marine, Viking  
  182  15:42  Marine  
  187  15:49  Siege Tank, Marine  
  187  15:51  Marine x2, Viking  
  187  15:56  Siege Tank  
  184  15:58  SCV  
  184  16:02  SCV  
  180  16:07  Viking x2  
  180  16:08  SCV  
  180  16:10  Viking  
  182  16:11  Viking  
  182  16:12  SCV x2  
  182  16:21  Siege Tank, Viking  
  171  16:26  Medivac  
  171  16:29  Siege Tank  
  171  16:32  Marine x2  
  176  16:36  Marine  
  176  16:37  Viking x2  
  176  16:38  Marine  
  180  16:40  Viking  
  180  16:41  Viking  
  180  16:47  Marine x3  
  173  16:48  SCV x2  
  173  16:50  SCV  
  173  16:51  Viking  
  173  16:52  Refinery  
  173  16:53  Refinery  
  181  16:56  SCV, Viking  
  176  17:07  Viking x2  
  178  17:09  Siege Tank x2, Marine x2  
  178  17:13  Marine x3  
  178  17:15  Viking  
  191  17:19  Terran Vehicle And Ship Armor Level 1  
  187  17:32  Viking x3  
  187  17:37  Viking x2  
  191  17:45  Viking  
  189  17:52  Marine  
  189  17:58  Marine x7  
  191  18:00  Orbital Command  
  191  18:02  Viking x3  
  191  18:04  Marine  
  198  18:07  Viking  
  194  18:13  Siege Tank, Marine x2  
  194  18:17  Refinery  
  194  18:18  Sensor Tower  
  194  18:19  Missile Turret  
  193  18:21  Refinery  
  193  18:22  Viking  
  190  18:34  Viking x3  
  172  18:36  Siege Tank  
  172  18:39  Marine x6  
  172  18:40  Marine  
  162  18:45  Siege Tank  
  162  18:48  Viking  
  163  18:51  Marine  
  156  18:59  Marine x2  
  156  19:02  Marine x4  
  128  19:05  Marine x2  
  128  19:08  Siege Tank  
  134  19:14  Viking  
  134  19:15  Viking  
  136  19:24  Viking  
  136  19:26  Marine  
  136  19:27  Marine x2  
  136  19:29  Marine  
  136  19:31  Marine x2  
  140  19:33  Marine x2  
  143  19:44  Marine x3  
  138  19:45  Siege Tank  
  138  19:47  Siege Tank  
  138  19:51  Liberator  
  146  19:57  Liberator  
  145  20:00  Liberator  
  145  20:05  Liberator  
  145  20:06  Marine  
  148  20:07  Marine  
  148  20:10  Marine  
  150  20:16  Marine x5  
  158  20:28  Siege Tank  
  158  20:30  Marine  
  158  20:31  Marine x2  
  158  20:32  Marine  
  158  20:33  Marine  
  158  20:34  Marine  
  164  20:36  Liberator  
  164  20:41  Liberator  
  170  20:43  Marine x2  
  170  20:45  Marine  
  173  20:50  Siege Tank, Marine  
  173  20:51  Marine  
  173  20:54  Marine  
  173  20:55  Marine  
  180  20:58  Marine  
  180  21:00  Viking  
  170  21:05  Viking  
  145  21:11  Siege Tank  
  145  21:15  Marine  
  145  21:17  Marine  
  104  21:23  Siege Tank  
Show
View Real Time Build Order
Export as new Build Order

Spirit Terran - Winner!

Build Orders: Cyclone Opening, Reaper Expand 

Get SALT Encoding   

  12  0:00  SCV  
  13  0:13  SCV  
  14  0:17  Supply Depot  
  14  0:25  SCV  
  15  0:38  SCV  
  15  0:41  Barracks  
  16  0:44  Refinery  
  16  0:51  SCV  
  17  1:03  SCV  
  18  1:15  SCV  
  19  1:28  Orbital Command, Reaper  
  20  1:38  Command Center  
  20  1:50  Supply Depot  
  20  1:54  SCV  
  21  2:00  Marine  
  22  2:06  SCV  
  22  2:07  Factory  
  23  2:10  Refinery  
  23  2:18  SCV, Marine  
  25  2:30  SCV  
  25  2:37  Barracks Reactor  
  26  2:42  SCV  
  27  2:50  Orbital Command  
  27  2:51  Cyclone  
  29  2:54  SCV  
  29  2:57  Starport  
  30  3:03  Refinery  
  30  3:06  SCV  
  30  3:12  Marine x2  
  31  3:13  Supply Depot  
  31  3:16  SCV  
  31  3:18  SCV  
  35  3:24  Cyclone  
  37  3:28  SCV  
  37  3:30  SCV, Marine  
  40  3:35  Starport Tech Lab  
  40  3:40  SCV, Marine  
  42  3:43  SCV  
  42  3:48  Supply Depot, Marine  
  44  3:52  SCV  
  44  3:53  Cloaking Field  
  44  3:54  Banshee  
  44  3:55  SCV  
  49  3:56  Factory Tech Lab  
  49  4:03  Marine  
  49  4:04  SCV  
  49  4:07  Supply Depot, Marine  
  49  4:09  SCV  
  53  4:16  SCV, Siege Tank  
  57  4:21  SCV  
  58  4:24  Supply Depot  
  58  4:27  Marine  
  58  4:28  SCV  
  59  4:33  SCV  
  59  4:37  Banshee  
  63  4:40  SCV  
  63  4:44  Bunker  
  63  4:45  SCV  
  65  4:48  Siege Tank, Marine  
  65  4:49  Marine  
  71  4:52  SCV  
  71  4:57  SCV  
  72  5:01  Barracks  
  72  5:04  SCV, Barracks  
  72  5:06  Marine  
  74  5:09  SCV  
  75  5:16  Supply Depot  
  75  5:17  SCV, Supply Depot  
  76  5:21  SCV  
  77  5:32  SCV, Engineering Bay  
  77  5:33  Refinery, Engineering Bay  
  78  5:38  SCV, Siege Tank, Banshee  
  85  5:50  Barracks Tech Lab, Command Center  
  85  5:51  Barracks Tech Lab  
  85  5:52  Marine x2  
  85  5:53  SCV  
  88  6:03  Terran Infantry Weapons Level 1, Terran Infantry Armor Level 1  
  88  6:10  Siege Tank, Supply Depot  
  88  6:11  Supply Depot  
  91  6:14  Stimpack, Combat Shield  
  91  6:15  Marine x2  
  93  6:20  Marine  
  94  6:30  Starport Reactor  
  94  6:31  Marine  
  95  6:33  Supply Depot x2, Barracks, Marine  
  95  6:34  Barracks, Marine  
  95  6:38  Marine  
  98  6:42  Siege Tank  
  98  6:46  SCV x2  
  103  6:48  Missile Turret  
  103  6:49  Marine  
  103  6:51  Armory, Marine x2  
  106  6:56  Marine  
  106  6:59  Barracks  
  106  7:00  SCV  
  107  7:05  Orbital Command  
  107  7:07  Marine  
  108  7:09  SCV, Marine x2  
  108  7:14  Marine  
  112  7:18  Siege Tank  
  112  7:19  Medivac, Supply Depot  
  117  7:25  Marine  
  117  7:26  Medivac  
  117  7:27  Barracks Reactor  
  120  7:30  Barracks Reactor, Marine x2  
  120  7:33  Marine  
  123  7:42  SCV  
  123  7:43  Marine  
  125  7:46  SCV  
  125  7:48  Marine x2  
  125  7:49  Medivac  
  125  7:51  Barracks Reactor, Marine  
  130  7:56  SCV, Medivac  
  134  8:00  Marine  
  134  8:01  SCV  
  134  8:05  Terran Infantry Weapons Level 2, Marine x2  
  134  8:06  Marine x3  
  134  8:08  Marine  
  134  8:09  Marine  
  134  8:11  SCV  
  142  8:16  Terran Infantry Armor Level 2  
  142  8:18  SCV, Marine  
  142  8:19  Orbital Command  
  144  8:23  SCV, Marine x3  
  144  8:24  Marine  
  144  8:26  Marine x3  
  149  8:28  Supply Depot  
  149  8:29  Supply Depot  
  149  8:30  Supply Depot  
  149  8:44  Supply Depot  
  149  8:46  Marine x3  
  149  8:47  Siege Tank, Marine x5  
  157  8:49  Marine x2  
  157  8:50  SCV x3  
  162  8:56  Sensor Tower  
  162  9:00  Supply Depot  
  162  9:02  Medivac  
  164  9:04  Marine x4  
  164  9:05  Marine  
  164  9:06  SCV  
  164  9:07  Supply Depot, Marine  
  164  9:08  SCV  
  171  9:12  Marine  
  172  9:17  Supply Depot, Marine  
  172  9:18  Supply Depot  
  172  9:24  Marine  
  169  9:27  Marine x5  
  169  9:30  Marine  
  174  9:33  Refinery  
  174  9:34  Refinery  
  174  9:36  Marine  
  174  9:40  Marine  
  174  9:41  Command Center  
  175  9:46  Marine  
  175  9:48  Marine  
  175  9:50  Terran Vehicle Weapons Level 1  
  175  9:51  Marine x3  
  175  9:52  Factory  
  180  9:54  Marine  
  180  9:55  Marine  
  180  9:56  Marine  
  180  9:57  Marine  
  182  10:11  Marine x6  
  181  10:15  SCV  
  181  10:17  Medivac x2  
  181  10:21  Siege Tank  
  183  10:22  SCV  
  183  10:23  SCV  
  183  10:25  Terran Infantry Weapons Level 3  
  183  10:27  SCV  
  186  10:35  Terran Infantry Armor Level 3, Marine  
  188  10:39  Marine  
  188  10:41  Marine  
  189  10:43  Siege Tank, Marine  
  189  10:47  Medivac x2  
  189  10:48  Supply Depot  
  197  10:50  Marine  
  198  11:01  Missile Turret  
  197  11:05  Missile Turret  
  197  11:06  Marine x3  
  197  11:07  Missile Turret  
  197  11:08  Missile Turret  
  200  11:13  Marine  
  200  11:23  SCV x2, Marine  
  200  11:26  Command Center  
  197  11:35  SCV, Marine x2  
  200  11:46  Planetary Fortress  
  200  11:51  Sensor Tower  
  200  11:52  Command Center  
  200  11:53  Marine  
  199  11:57  Marine  
  181  12:02  Marine x7  
  181  12:04  Marine  
  181  12:05  Siege Tank  
  187  12:11  Marine  
  187  12:15  Marine  
  174  12:18  Viking  
  174  12:19  Viking  
  174  12:20  Marine x7  
  174  12:21  Marine  
  174  12:22  Starport x2  
  182  12:23  Refinery  
  182  12:29  Marine  
  183  12:33  Marine  
  183  12:38  Marine x4  
  183  12:44  Terran Vehicle Weapons Level 2  
  187  12:47  Armory  
  187  12:48  Viking  
  187  12:49  Viking  
  191  12:52  SCV, Fusion Core  
  191  12:53  SCV  
  191  12:54  Refinery  
  193  12:59  Starport Reactor  
  193  13:00  Starport Reactor  
  193  13:06  Command Center  
  193  13:16  Marine  
  193  13:17  Marine x2  
  193  13:18  Marine, Viking x2  
  193  13:19  Marine  
  187  13:20  Marine  
  179  13:32  Sensor Tower  
  177  13:38  Viking x3  
  177  13:40  Advanced Ballistics  
  175  13:41  Terran Vehicle And Ship Armor Level 1  
  175  13:48  Viking x2  
  175  13:51  SCV  
  175  13:52  SCV, Missile Turret  
  181  13:59  Marine  
  181  14:01  Viking  
  181  14:02  Marine  
  178  14:07  Refinery  
  182  14:10  Marine  
  182  14:11  Refinery  
  176  14:21  Marine  
  176  14:22  Marine  
  173  14:28  Marine x3  
  171  14:34  Liberator x6  
  161  14:38  Siege Tank  
  161  14:40  Planetary Fortress  
  161  14:42  Siege Tank  
  161  15:06  Neosteel Armor  
  161  15:08  SCV x2  
  161  15:13  Siege Tank, Marine x10  
  174  15:16  Liberator  
  174  15:17  Viking x2  
  174  15:20  Siege Tank  
  184  15:31  Marine x6  
  194  15:36  Viking x2  
  194  15:37  Viking  
  196  15:45  Siege Tank  
  196  15:47  Marine, Viking  
  195  15:50  Viking  
  195  15:52  Siege Tank, Marine  
  195  15:55  SCV x2  
  185  15:59  Viking  
  185  16:00  Marine  
  185  16:01  SCV  
  188  16:06  Viking x2  
  188  16:07  Marine, Viking  
  188  16:08  Marine  
  187  16:16  Viking  
  187  16:17  Planetary Fortress  
  189  16:20  Viking  
  189  16:24  Siege Tank  
  189  16:25  Marine  
  179  16:26  Marine  
  185  16:40  Marine  
  185  16:41  Marine x3  
  185  16:45  Terran Ship Weapons Level 1  
  184  16:47  Siege Tank  
  184  16:53  Liberator x3  
  184  16:54  Liberator x2  
  189  16:57  Viking  
  189  17:20  Marine  
  189  17:21  SCV  
  189  17:22  SCV, Marine x8  
  190  17:27  Viking  
  197  17:45  Marine  
  197  17:47  Marine  
  197  17:49  Marine  
  199  17:52  Marine  
  196  18:13  Siege Tank  
  196  18:14  Marine  
  200  18:32  Marine  
  200  18:33  Siege Tank, Marine  
  192  18:38  Marine x8  
  188  18:41  Viking x6  
  198  18:49  Marine  
  198  18:51  Marine  
  195  18:55  Marine x2  
  195  18:56  Marine x5  
  195  18:57  Marine  
  195  18:58  Siege Tank  
  154  19:06  Siege Tank  
  154  19:07  Marine  
  154  19:09  Marine  
  153  19:11  Medivac x2, Viking x2  
  153  19:13  Marine x6  
  153  19:14  Marine  
  153  19:15  Marine  
  143  19:25  Marine  
  143  19:27  Medivac, Marine  
  143  19:30  Siege Tank  
  142  19:31  Marine x6  
  142  19:32  Marine  
  142  19:33  Marine  
  142  19:38  Siege Tank  
  145  19:43  Marine  
  145  19:44  Viking x4  
  145  19:45  Marine  
  149  19:47  Viking  
  149  19:49  Marine x7  
  149  19:51  Marine  
  144  20:01  Marine  
  144  20:02  Marine  
  144  20:03  Siege Tank  
  144  20:06  Barracks  
  144  20:07  Barracks, Marine x6  
  146  20:08  Barracks  
  146  20:09  Refinery, Marine  
  146  20:10  Siege Tank, Refinery, Marine  
  171  20:14  Viking x3  
  155  20:18  Marine  
  155  20:20  Marine  
  161  20:22  Medivac  
  161  20:24  Marine  
  161  20:25  Marine x5  
  161  20:27  Marine x2  
  169  20:30  Starport  
  169  20:31  Starport  
  169  20:35  Siege Tank  
  169  20:36  Marine  
  169  20:38  Marine  
  169  20:42  Marine x6  
  167  20:45  Marine x2  
  175  20:53  Marine  
  175  20:54  Marine  
  175  20:55  Marine  
  175  20:56  Marine x2  
  175  21:00  Marine x6  
  175  21:03  Marine x2  
  175  21:04  Siege Tank  
  181  21:08  Medivac  
  181  21:09  Medivac  
  159  21:11  Marine  
  159  21:12  Marine  
  159  21:13  Marine x2  
  159  21:14  Marine  
  159  21:18  Marine x6  
  159  21:21  Marine x2  
  159  21:29  Marine  
  159  21:30  Marine  
  159  21:31  Marine x2  
  159  21:32  Marine  
  159  21:36  Marine x3  
Tags
 
Add a new tag
Caveats
  • Supply blocks, unpowered buildings, or Contaminate may cause inaccurate times.
  • Supply counts are checked every 10 seconds.